 Dungeon Crawl Stone Soup version 0.21-a0-39-g28ea6b7 (webtiles) character file.

881 HereIgoKillingAgain the Skirmisher (level 8, -6/67 HPs)
             Began as a Gnoll Wanderer on May 30, 2017.
             Was an Initiate of Yredelemnul.
             Mangled by a gnoll
             ... wielding a +0 halberd
              (13 damage)
             ... on level 5 of the Dungeon.
             The game lasted 00:06:58 (4691 turns).

HereIgoKillingAgain the Skirmisher (Gnoll Wanderer) Turns: 4691, Time: 00:06:58

Health: -6/67      AC:  3    Str: 14      XL:     8   Next: 5%
Magic:  10/10      EV: 15    Int: 13      God:    Yredelemnul [......]
Gold:   255        SH:  0    Dex: 13 (14) Spells: 7/7 levels left

rFire    . . .     SeeInvis .   o - +1 long sword (flame)
rCold    . . .     Gourm    .   (no shield)
rNeg     + . .     Faith    .   d - +0 robe
rPois    .         Spirit   .   n - +0 helmet
rElec    .         Reflect  .   (no cloak)
rCorr    .         Harm     .   (no gloves)
MR       .....                  (no boots)
Stlth    ++........             (no amulet)
Regen    0.3/turn               k - ring of positive energy
MPRegen  0.2/turn               l - +2 ring of strength

@: about to teleport
A: short attention span, fangs 1, strong nose
a: Renounce Religion


You were on level 5 of the Dungeon.
You worshipped Yredelemnul.
Yredelemnul was noncommittal.
You were not hungry.

You visited 2 branches of the dungeon, and saw 6 of its levels.

You collected 255 gold pieces.

Inventory:

Hand Weapons
 a - a +2 short sword
 b - a +0 falchion
 o - a +1 long sword of flaming (weapon)
 s - a +2 dagger of venom
 t - a +1 dagger of electrocution
 u - a +2 short sword of speed
Armour
 d - a +0 robe (worn)
 n - a +0 helmet (worn)
Jewellery
 k - a ring of positive energy (left hand)
 l - a +2 ring of strength (right hand)
Wands
 y - a wand of polymorph (8/24)
Scrolls
 e - a scroll of teleportation
 h - 2 scrolls of fog
 j - a scroll of random uselessness {unknown}
 m - 3 scrolls of identify
 x - a scroll of enchant weapon
Potions
 c - 3 potions of curing
 p - a potion of haste
 v - a potion of brilliance
Comestibles
 f - 3 bread rations
 g - 2 royal jellies
 i - 2 fruits


   Skills:
 + Level 7.6 Fighting
 + Level 4.1(6.3) Short Blades
 + Level 7.1(7.4) Long Blades
   Level 1.7 Staves
 + Level 5.6 Armour
 + Level 6.0 Dodging
 + Level 2.9 Stealth
 + Level 1.9 Invocations
 + Level 3.1 Evocations


You had 7 spell levels left.
You didn't know any spells.

Dungeon Overview and Level Annotations

Branches:
Dungeon (5/15)             Temple (1/1) D:5

Altars:
Dithmenos
Fedhas
Kikubaaqudgha
Nemelex Xobeh
Okawaru
Sif Muna
Uskayaw
Vehumet
Wu Jian
Xom
Yredelemnul


Innate Abilities, Weirdness & Mutations

You have a short attention span.
You have very sharp teeth.
Your uncanny sense of smell can sniff out nearby items.


Message History

The gnoll is heavily wounded.
The gnoll barely misses you.
The gnoll sergeant hits you from afar with a spear.
You hit the gnoll. You burn the gnoll.
The gnoll is severely wounded.
The gnoll sergeant hits you from afar with a spear.
The gnoll closely misses you.
The gnoll sergeant hits you from afar with a spear!
* * * LOW HITPOINT WARNING * * *
Unknown command.
The gnoll completely misses you.
You see here a potion of haste.
p - a potion of haste The gnoll hits you from afar with a halberd!
* * * LOW HITPOINT WARNING * * *
As you read the scroll of teleportation, it crumbles to dust.
You feel strangely unstable.
The gnoll hits you from afar with a halberd!
You die...
Your body rises from the dead as a mindless zombie.

#........#...#
#........#...#
#........#...# .#
#........#...# ...#
#........)...# ...
#.....g##)##.##.##
#....g.#.........##.
#...................
#..@...#..⌠...⌠..# .
#......#.........#..
#...........>.......
#......#.........#.#
#.$....#..⌠...⌠..#.
#..................#
#......#.........#.#
#......##(##.##.## #
#.....>......# ...


You could see a gnoll sergeant and a gnoll.

Vanquished Creatures
  The ghost of Narsil the Chiller, a novice OpTm (D:5)
  An ice beast (Temple)
  Blork the orc (D:4)
  2 hounds
  A quasit (D:5)
  3 orc wizards
  Natasha (twice) (D:2)
  2 worker ants
  Robin (D:2)
  3 gnolls
  3 adders
  An ooze (D:1)
  2 adder skeletons
  2 dart slugs
  A leopard gecko (D:4)
  13 orcs
  A giant cockroach (D:5)
  11 goblins
  11 hobgoblins
  21 jackals
  12 kobolds
  3 quokkas
  2 ball pythons (D:1)
  7 bats
  3 frilled lizards (D:1)
  A leopard gecko skeleton (D:4)
  10 rats
121 creatures vanquished.

Notes
Turn   | Place    | Note
-------+----------+-------------------------------------------
     0 | D:1      | HereIgoKillingAgain the Gnoll Wanderer began the quest for the Orb.
     0 | D:1      | HereIgoKillingAgain set off with: a +2 short sword, a +0 falchion, a potion of curing, a +0 robe, a bread ration
     0 | D:1      | Reached XP level 1. HP: 22/22 MP: 2/2
    98 | D:1      | Reached skill level 1 in Armour
   129 | D:1      | Reached XP level 2. HP: 29/29 MP: 3/3
   206 | D:1      | Reached skill level 1 in Long Blades
   449 | D:1      | Reached XP level 3. HP: 16/35 MP: 4/4
  1413 | D:2      | Noticed Natasha
  1421 | D:2      | Killed Natasha
  1421 | D:2      | Reached XP level 4. HP: 39/41 MP: 5/5
  1662 | D:2      | Noticed Natasha
  1664 | D:2      | Noticed Robin
  1679 | D:2      | Killed Natasha
  1679 | D:2      | Reached XP level 5. HP: 20/47 MP: 6/6
  1696 | D:2      | Killed Robin
  2248 | D:3      | Reached skill level 5 in Long Blades
  2434 | D:3      | Found a radiant altar of Vehumet.
  2693 | D:3      | Reached XP level 6. HP: 55/55 MP: 7/7
  3097 | D:4      | Noticed Blork the orc
  3112 | D:4      | Killed Blork the orc
  3122 | D:4      | HP: 2/55 [orc/tomahawk (3)]
  3517 | D:4      | Reached skill level 5 in Dodging
  4146 | D:5      | Entered Level 5 of the Dungeon
  4146 | D:5      | Found a staircase to the Ecumenical Temple.
  4157 | D:5      | Noticed an ice beast
  4187 | Temple   | Entered the Ecumenical Temple
  4199 | Temple   | Reached XP level 7. HP: 50/60 MP: 8/8
  4341 | Temple   | Became a worshipper of Yredelemnul the Dark
  4517 | D:5      | Reached skill level 5 in Armour
  4523 | D:5      | Noticed Narsil's ghost (novice OpTm)
  4540 | D:5      | Killed Narsil's ghost
  4540 | D:5      | Reached skill level 1 in Invocations
  4647 | D:5      | Found an ornate altar of the Wu Jian Council.
  4653 | D:5      | Reached XP level 8. HP: 65/67 MP: 10/10
  4691 | D:5      | Mangled by a gnoll

Vault maps used:
D:1:      kennysheep_arrival_forest
D:2:      minmay_goblin_kobold_house, uniq_robin, uniq_natasha
D:3:      lemuel_round_altar, serial_bayou, serial_bayou_lagoon_a,
          serial_bayou_shore_b, serial_bayou_ford_a, serial_bayou_pond_e,
          serial_bayou_crossing, serial_bayou_pond_d, first_bread
D:4:      hangedman_abyss_or_decor_lesser_grid, uniq_blork_the_orc
D:5:      kennysheep_little_box, minmay_temple_entry_large_hall
Temple:   jpeg_temple_island

Skill      XL: |  1  2  3  4  5  6  7 |
---------------+----------------------+-----
Dodging        | 2 3 4 5 6 |  6.0
Armour         | 1 2 3 4 5 |  5.6
Long Blades    | 2 3 4 5 6 7 |  7.1
Fighting       | 7 |  7.6
Evocations     | 3 |  3.1
Short Blades   | 4 |  4.1
Stealth        | 2 |  2.9
Invocations    | 1 |  1.9
Staves         | |  1.7

Action                   |  1- 3 |  4- 6 |  7- 9 || total
-------------------------+-------+-------+-------++-------
Melee: Short sword       |   110 |    76 |       ||   186
       Bite              |     6 |    21 |     9 ||    36
       Dagger            |       |   174 |    27 ||   201
       Long sword        |       |       |    35 ||    35
  Use: Potion            |       |     6 |     2 ||     8
       Scroll            |       |     9 |     3 ||    12
 Stab: Sleeping          |     5 |     5 |     1 ||    11
  Eat: Chunk             |       |     9 |     3 ||    12
Armor: Robe              |    15 |    31 |    13 ||    59
       Skin              |       |    83 |    13 ||    96
Dodge: Dodged            |    64 |   184 |    51 ||   299
       Rpst.: Long sword |       |       |     5 ||     5
